cohdb
Replays
Latest Replays
All Replays
Popular Replays
Top Player Replays
Match Explorer
How It Works
Community
CoH3 Stats
Reddit
Sign in to upload your games and track your stats! →
Sign in with Steam
Match 41217081
Unlisted
Match 41217081
Overview
Messages
Build Orders
End
Construct Section Command Post
Infantry Section
Selects Heavy Armor Battlegroup
Infantry Section
Infantry Section
Construct Platoon Command Post
Selects Rigorous Vehicle Training
Humber Armored Car
Humber Armored Car
Construct Field Infirmary
Selects Light Vehicle Withdraw and Refit
Humber Armored Car
Selects UNKNOWN (202330)
Selects Forward Repair Assembly
Selects UNKNOWN (2162094)
Humber Armored Car
Humber Armored Car
Vickers Machine Gun Team
Selects Recon Artillery
Construct Company Command Post
GL no HF
Grand.G
0
0
Comments
sign in to comment!
No comments posted yet!